WCHLSIM.com - West Coast Hockey League
html PUBLIC "-//W3C//DTD XHTML 1.0 Transitional//EN" "http://www.w3.org/TR/xhtml1/DTD/xhtml1-transitional.dtd"> WCHL - Game 1190 - PHOENIX MUSTANGS vs OKANAGAN RATTLESNAKES

PHOENIX MUSTANGS vs OKANAGAN RATTLESNAKES

Created - 7 avril 2024 at 21:30

Goals
1 2 3 T
PHOENIX MUSTANGS 0 0 0 0
OKANAGAN RATTLESNAKES 1 0 1 2
Shots
1 2 3 T
PHOENIX MUSTANGS 7 3 10 20
OKANAGAN RATTLESNAKES 15 6 8 29

1st period

1. OKANAGAN RATTLESNAKES , Blake Coleman 20 (Mike Hoffman 24) at 11:48

Penalties :
Laurent Dauphin (PHX) for Tripping (Minor) at 2:46, Arber Xhekaj (OKA) for Hooking (Minor) at 5:05, Blake Coleman (OKA) for Hooking (Minor) at 8:18, Jeremy Lauzon (OKA) for Hooking (Minor) at 12:42

2nd period

No Goal

Penalties :
Jujhar Khaira (OKA) for Interference (Minor) at 4:08, Ilya Lyubushkin (PHX) for Roughing (Minor) at 12:51

3rd period

2. OKANAGAN RATTLESNAKES , Mike Hoffman 17 (Blake Coleman 18, Jeremy Lauzon 13) at 15:18

Penalties :
Jordie Benn (OKA) for Hooking (Minor) at 3:51, Jeremy Lauzon (OKA) for High sticking (Minor) at 7:37, Mike Sgarbossa (PHX) for Tripping (Minor) at 10:09

Goalie Stats

Jake Allen (PHX), 27 saves from 29 shots - (0,931), L, 17-32-4, 60:00 minutes
James Reimer (OKA), 20 saves from 20 shots - (1,000), W, 26-32-8, 60:00 minutes

Players Stats for PHOENIX MUSTANGS

Player Name              G  A  P  +/- PIM S  H  SB GA TA FO     MP     PP MP  PK MP  
------------------------------------------------------------------------------------
Alex Barre-Boulet        0  0  0   0  0   1  0  0  0  0  1/1     8:23   0:00   1:12 
Andreas Athanasiou       0  0  0   0  0   0  0  0  0  0  8/23   22:31   7:01   2:20 
Arthur Kaliyev           0  0  0  -2  0   0  1  0  0  0  1/2    10:37   0:00   0:20 
Chris Terry              0  0  0  -2  0   1  0  0  0  0  5/9    18:27   4:53   3:17 
Christian Fischer        0  0  0   0  0   2  0  0  0  0  0/0     7:11   0:00   0:00 
Conor Garland            0  0  0   0  0   4  0  1  0  0  0/0    16:24   4:53   0:00 
Conor Sheary             0  0  0   0  0   2  1  0  0  0  0/1    20:11   7:01   0:00 
Gavin Bayreuther         0  0  0   0  0   0  1  1  0  0  0/0    21:08   5:29   2:42 
Ilya Lyubushkin          0  0  0   0  2   1  1  1  0  0  0/0    20:23   5:18   1:30 
Jesper Fast              0  0  0   0  0   4  0  2  0  0  0/1    18:44   4:53   2:20 
John Klingberg           0  0  0   0  0   1  0  1  0  0  0/0    22:36   6:33   3:02 
Jonathan Miller          0  0  0   0  0   0  0  0  0  0  4/4     7:11   0:00   0:00 
Laurent Dauphin          0  0  0   0  2   0  1  0  0  0  7/13   11:30   0:00   0:00 
Matt Irwin               0  0  0   0  0   1  0  0  0  0  0/0    21:35   6:17   2:17 
Mike Sgarbossa           0  0  0  -2  2   0  1  0  0  0  7/13   10:16   0:00   0:00 
T.J. Brodie              0  0  0  -2  0   0  0  1  0  0  0/0    16:50   0:08   0:27 
Taylor Hall              0  0  0   0  0   3  0  0  0  0  0/4    22:49   7:01   2:38 
Xavier Ouellet           0  0  0  -2  0   0  4  0  0  0  0/0    17:14   0:03   1:43 

Players Stats for OKANAGAN RATTLESNAKES

Player Name              G  A  P  +/- PIM S  H  SB GA TA FO     MP     PP MP  PK MP  
------------------------------------------------------------------------------------
Adam Clendening          0  0  0   2  0   0  0  0  0  0  0/0    17:41   0:22   1:45 
Anders Lee               0  0  0   0  0   6  2  0  0  0  3/3    21:59   2:06   5:16 
Arber Xhekaj             0  0  0   0  2   0  0  0  0  0  0/0    18:42   3:33   3:50 
Blake Coleman            1  1  2   2  2   3  0  1  0  0  0/0    16:56   3:51   0:19 
Casey Cizikas            0  0  0   0  0   1  1  1  0  0  12/22  19:00   2:06   6:55 
Colton Parayko           0  0  0   0  0   1  2  1  0  0  0/0    24:11   2:24   6:32 
Esa Lindell              0  0  0   0  0   0  0  2  0  0  0/0    23:48   2:48   5:45 
Jeremy Lauzon            0  1  1   2  4   1  6  2  0  0  0/0    22:21   2:47   4:02 
Jordie Benn              0  0  0   0  2   0  0  0  0  0  0/0    13:13   0:00   1:54 
Jujhar Khaira            0  0  0   0  2   1  2  0  0  0  7/14   14:36   0:00   0:00 
Kevin Labanc             0  0  0   0  0   4  0  0  0  0  1/2     9:59   0:00   0:00 
Lars Eller               0  0  0   2  0   2  1  0  0  0  12/19  21:18   3:51   4:40 
Mike Hoffman             1  1  2   2  0   4  0  0  0  0  0/1    16:38   3:51   0:00 
Nazem Kadri              0  0  0   0  0   1  0  0  0  0  0/0     4:46   0:00   0:00 
Oskar Sundqvist          0  0  0   0  0   0  0  1  0  0  3/8    13:30   2:06   6:38 
Pierre-Edouard Bellemare 0  0  0   0  0   1  3  0  0  0  0/0     4:46   0:00   0:00 
Stefan Noesen            0  0  0   0  0   1  0  0  0  0  0/0     9:59   0:00   0:00 
T.J. Oshie               0  0  0   0  0   3  0  0  0  0  0/2    14:37   0:00   0:00 

3 Stars

1 - James Reimer (OKA)
2 - Mike Hoffman (OKA)
3 - Blake Coleman (OKA)

Power Play

PHOENIX MUSTANGS - 0 on 6 Attempt(s) - 0,00%
OKANAGAN RATTLESNAKES - 0 on 3 Attempt(s) - 0,00%

Penalty Kill

PHOENIX MUSTANGS - 3 on 3 Attempt(s) - 100,00% - Score 0 goal in Penalty Kill
OKANAGAN RATTLESNAKES - 6 on 6 Attempt(s) - 100,00% - Score 0 goal in Penalty Kill

Team Stat

PHOENIX MUSTANGS - Hits : 10 - Faceoff Wins : 33 - Blocked Shots : 7 - Penalty Minutes : 6
OKANAGAN RATTLESNAKES - Hits : 17 - Faceoff Wins : 38 - Blocked Shots : 8 - Penalty Minutes : 12

Official

Referees : Ghislain Hebert and Ryan Hersey
Linesman : Kory Nagy and Brandon Gawryletz

Game Notes

No Game Note

Finance

Level 1 -- Attendance: 4266 (71,10%) -- Ticket Income 853 200 $
Level 2 -- Attendance: 4210 (84,20%) -- Ticket Income 526 250 $
Level 3 -- Attendance: 1931 (96,55%) -- Ticket Income 210 479 $
Level 4 -- Attendance: 3758 (93,95%) -- Ticket Income 259 302 $
Luxury Box -- Attendance: 959 (95,90%) -- Ticket Income 287 700 $
Total Attendance: 15124 (84,02%)
Total Ticket Income: 2 136 931 $
Other Expense: 21 369 $
Total Income: 2 115 562 $

PHOENIX MUSTANGS

5 vs 5 Forward 
   Center                   Left Wing                Right Wing               Time % Phy DF OF 
 1 Andreas Athanasiou       Taylor Hall              Conor Sheary             36     1   2  2  
 2 Laurent Dauphin          Conor Garland            Jesper Fast              31     1   2  2  
 3 Mike Sgarbossa           Chris Terry              Arthur Kaliyev           23     1   2  2  
 4 Jonathan Miller          Alex Barre-Boulet        Christian Fischer        10     1   2  2  

5 vs 5 Defense 
   Defense                  Defense                                           Time % Phy DF OF 
 1 Matt Irwin               John Klingberg                                    36     1   2  2  
 2 Ilya Lyubushkin          Gavin Bayreuther                                  31     1   2  2  
 3 T.J. Brodie              Xavier Ouellet                                    23     1   2  2  
 4 Ilya Lyubushkin          John Klingberg                                    10     1   2  2  

PowerPlay Forward 
   Center                   Left Wing                Right Wing               Time % Phy DF OF 
 1 Andreas Athanasiou       Taylor Hall              Conor Sheary             55     1   2  2  
 2 Chris Terry              Conor Garland            Jesper Fast              45     1   2  2  

PowerPlay Defense
   Defense                  Defense                                           Time % Phy DF OF 
 1 Matt Irwin               John Klingberg                                    55     1   2  2  
 2 Ilya Lyubushkin          Gavin Bayreuther                                  45     1   2  2  

Penalty Kill 4 Players Forward 
   Center                   Wing                     Time % Phy DF OF 
 1 Taylor Hall              Chris Terry              55     1   2  2  
 2 Andreas Athanasiou       Jesper Fast              45     1   2  2  

Penalty Kill 4 Players Defense
   Defense                  Defense                  Time % Phy DF OF 
 1 Matt Irwin               John Klingberg           55     1   2  2  
 2 Ilya Lyubushkin          Gavin Bayreuther         45     1   2  2  

Penalty Kill - 3 Players Forward 
   Forward                                           Time % Phy DF OF 
 1 Taylor Hall                                       55     1   2  2  
 2 Andreas Athanasiou                                45     1   2  2  

Penalty Kill - 3 Players Defense
   Defense                  Defense                  Time % Phy DF OF 
 1 Matt Irwin               John Klingberg           55     1   2  2  
 2 Ilya Lyubushkin          Gavin Bayreuther         45     1   2  2  

4 vs 4 Forward 
   Center                   Wing                     Time % Phy DF OF 
 1 Taylor Hall              Conor Sheary             55     1   2  2  
 2 Andreas Athanasiou       Jesper Fast              45     1   2  2  

4 vs 4 Defense
   Defense                  Defense                  Time % Phy DF OF 
 1 Xavier Ouellet           John Klingberg           55     1   2  2  
 2 Ilya Lyubushkin          Gavin Bayreuther         45     1   2  2  

Last Minutes Offensive
   Center                   Left Wing                Right Wing               Defense                  Defense                  
   Andreas Athanasiou       Taylor Hall              Conor Sheary             Matt Irwin               John Klingberg           

Last Minutes Defensive
   Center                   Left Wing                Right Wing               Defense                  Defense                  
   Andreas Athanasiou       Taylor Hall              Conor Sheary             Matt Irwin               John Klingberg           

Goaltenders
Starting : Jake Allen               
Backup : Anton Forsberg           

Extra Forwards
Normal : Andreas Athanasiou, Taylor Hall, Chris Terry - PP : Taylor Hall, Andreas Athanasiou - PK : Chris Terry
Extra Defensemen
Normal : John Klingberg, Xavier Ouellet, Ilya Lyubushkin - PP : Ilya Lyubushkin - PK : Xavier Ouellet, Ilya Lyubushkin
Penalty Shots
Taylor Hall, Conor Garland, Andreas Athanasiou, Jesper Fast, Jonathan Miller
Custom OT Lines Forwards
Taylor Hall, Conor Sheary, Andreas Athanasiou, Jesper Fast, Alex Barre-Boulet, Conor Garland, Christian Fischer, Chris Terry, Arthur Kaliyev, Jonathan Miller
Custom OT Lines Defensemen
Xavier Ouellet, John Klingberg, Ilya Lyubushkin, Gavin Bayreuther, Matt Irwin

Scratches
Juuso Parssinen (Groin Injury), Adam Ruzicka (Separated Right Shoulder Injury), Jeff Petry (Separated Right Shoulder Injury), Tyler Wotherspoon (Left Hand Injury)

OKANAGAN RATTLESNAKES

5 vs 5 Forward 
   Center                   Left Wing                Right Wing               Time % Phy DF OF 
 1 Jujhar Khaira            Anders Lee               T.J. Oshie               36     1   2  2  
 2 Lars Eller               Mike Hoffman             Blake Coleman            31     1   2  2  
 3 Casey Cizikas            Kevin Labanc             Stefan Noesen            23     1   2  2  
 4 Oskar Sundqvist          Pierre-Edouard Bellemare Nazem Kadri              10     1   2  2  

5 vs 5 Defense 
   Defense                  Defense                                           Time % Phy DF OF 
 1 Colton Parayko           Esa Lindell                                       36     1   2  2  
 2 Adam Clendening          Jeremy Lauzon                                     31     1   2  2  
 3 Arber Xhekaj             Jordie Benn                                       23     1   2  2  
 4 Colton Parayko           Esa Lindell                                       10     1   2  2  

PowerPlay Forward 
   Center                   Left Wing                Right Wing               Time % Phy DF OF 
 1 Oskar Sundqvist          Anders Lee               Casey Cizikas            55     1   2  2  
 2 Lars Eller               Mike Hoffman             Blake Coleman            45     1   2  2  

PowerPlay Defense
   Defense                  Defense                                           Time % Phy DF OF 
 1 Arber Xhekaj             Esa Lindell                                       55     1   2  2  
 2 Colton Parayko           Jeremy Lauzon                                     45     1   2  2  

Penalty Kill 4 Players Forward 
   Center                   Wing                     Time % Phy DF OF 
 1 Casey Cizikas            Oskar Sundqvist          55     1   2  2  
 2 Anders Lee               Lars Eller               45     1   2  2  

Penalty Kill 4 Players Defense
   Defense                  Defense                  Time % Phy DF OF 
 1 Esa Lindell              Arber Xhekaj             55     1   2  2  
 2 Colton Parayko           Jeremy Lauzon            45     1   2  2  

Penalty Kill - 3 Players Forward 
   Forward                                           Time % Phy DF OF 
 1 Anders Lee                                        55     1   2  2  
 2 Casey Cizikas                                     45     1   2  2  

Penalty Kill - 3 Players Defense
   Defense                  Defense                  Time % Phy DF OF 
 1 Esa Lindell              Jordie Benn              55     1   2  2  
 2 Arber Xhekaj             Jeremy Lauzon            45     1   2  2  

4 vs 4 Forward 
   Center                   Wing                     Time % Phy DF OF 
 1 T.J. Oshie               Casey Cizikas            55     1   2  2  
 2 Anders Lee               Lars Eller               45     1   2  2  

4 vs 4 Defense
   Defense                  Defense                  Time % Phy DF OF 
 1 Colton Parayko           Arber Xhekaj             55     1   2  2  
 2 Esa Lindell              Jeremy Lauzon            45     1   2  2  

Last Minutes Offensive
   Center                   Left Wing                Right Wing               Defense                  Defense                  
   Jujhar Khaira            Anders Lee               T.J. Oshie               Colton Parayko           Esa Lindell              

Last Minutes Defensive
   Center                   Left Wing                Right Wing               Defense                  Defense                  
   Jujhar Khaira            Anders Lee               T.J. Oshie               Colton Parayko           Esa Lindell              

Goaltenders
Starting : James Reimer             
Backup : Spencer Martin           

Extra Forwards
Normal : Anders Lee, Casey Cizikas, Oskar Sundqvist - PP : Anders Lee, Casey Cizikas - PK : Oskar Sundqvist
Extra Defensemen
Normal : Arber Xhekaj, Jordie Benn, Esa Lindell - PP : Arber Xhekaj - PK : Jordie Benn, Esa Lindell
Penalty Shots
Oskar Sundqvist, Jujhar Khaira, Anders Lee, Lars Eller, Casey Cizikas
Custom OT Lines Forwards
Jujhar Khaira, T.J. Oshie, Anders Lee, Lars Eller, Casey Cizikas, Mike Hoffman, Blake Coleman, Oskar Sundqvist, Kevin Labanc, Pierre-Edouard Bellemare
Custom OT Lines Defensemen
Colton Parayko, Jordie Benn, Esa Lindell, Jeremy Lauzon, Arber Xhekaj

Scratches
Austin Osmanski (Healthy), Colin White (Healthy), Josh Manson (Sprained Right Knee Injury), Jack Campbell (Bruised Right Arm Injury)

% Time on Ice - PHOENIX MUSTANGS

Lines # - Real PCT - Wanted PCT - Time Play
Normal Forward
1 - 31% - 36% - 13:10
2 - 27% - 31% - 11:31
3 - 24% - 23% - 10:17
4 - 17% - 10% - 7:11
Normal Defense
1 - 29% - 36% - 12:18
2 - 29% - 31% - 12:10
3 - 39% - 23% - 16:15
4 - 3% - 10% - 1:26
PP Forward
1 - 59% - 55% - 7:01
2 - 41% - 45% - 4:53
PP Defense
1 - 54% - 55% - 6:22
2 - 46% - 45% - 5:32
PK Forward
1 - 61% - 55% - 3:37
2 - 39% - 45% - 2:20
PK Defense
1 - 51% - 55% - 3:02
2 - 49% - 45% - 2:55
PK3 Forward
1 - 0% - 55%
2 - 0% - 45%
PK3 Defense
1 - 0% - 55%
2 - 0% - 45%
44 Forward
1 - 0% - 55%
2 - 0% - 45%
44 Defense
1 - 0% - 55%
2 - 0% - 45%
Last Minute Offensive  - 0:00
Last Minute Defensive  - 0:00
Total
Forward - 60:00
Defense - 60:00

% Time on Ice - OKANAGAN RATTLESNAKES

Lines # - Real PCT - Wanted PCT - Time Play
Normal Forward
1 - 35% - 36% - 14:37
2 - 30% - 31% - 12:47
3 - 24% - 23% - 9:59
4 - 11% - 10% - 4:46
Normal Defense
1 - 36% - 36% - 14:59
2 - 37% - 31% - 15:34
3 - 27% - 23% - 11:20
4 - 1% - 10% - 0:16
PP Forward
1 - 35% - 55% - 2:06
2 - 65% - 45% - 3:51
PP Defense
1 - 47% - 55% - 2:48
2 - 53% - 45% - 3:09
PK Forward
1 - 61% - 55% - 7:14
2 - 39% - 45% - 4:40
PK Defense
1 - 41% - 55% - 4:50
2 - 59% - 45% - 7:04
PK3 Forward
1 - 0% - 55%
2 - 0% - 45%
PK3 Defense
1 - 0% - 55%
2 - 0% - 45%
44 Forward
1 - 0% - 55%
2 - 0% - 45%
44 Defense
1 - 0% - 55%
2 - 0% - 45%
Last Minute Offensive  - 0:00
Last Minute Defensive  - 0:00
Total
Forward - 60:00
Defense - 60:00

Play-by-Play

1st period


0:01 of 1st period - Jujhar Khaira wins face-off versus Andreas Athanasiou in neutral zone.
0:06 of 1st period - Shot by T.J. Oshie.
0:06 of 1st period - Stopped by Jake Allen without a rebound.
0:07 of 1st period - Laurent Dauphin wins face-off versus Lars Eller in PHOENIX MUSTANGS zone.
0:07 of 1st period - Laurent Dauphin is hit by Lars Eller.
0:25 of 1st period - Shot by Conor Garland.
0:25 of 1st period - Deflect By Jesper Fast.
0:25 of 1st period - Shot Misses the Net.
1:46 of 1st period - Shot by T.J. Oshie.
1:46 of 1st period - Deflect By Anders Lee.
1:46 of 1st period - Stopped by Jake Allen with a rebound.
2:16 of 1st period - Shot by Conor Sheary.
2:16 of 1st period - Shot Blocked by Colton Parayko.
2:41 of 1st period - Shot by Christian Fischer.
2:41 of 1st period - Stopped by James Reimer without a rebound.
2:42 of 1st period - Oskar Sundqvist wins face-off versus Laurent Dauphin in OKANAGAN RATTLESNAKES zone.
2:46 of 1st period - Minor Penalty to Laurent Dauphin for Tripping.
2:47 of 1st period - Lars Eller wins face-off versus Chris Terry in PHOENIX MUSTANGS zone.
2:50 of 1st period - Shot by Blake Coleman.
2:50 of 1st period - Shot Misses the Net.
3:45 of 1st period - Shot by Anders Lee.
3:45 of 1st period - Shot Misses the Net.
3:53 of 1st period - Shot by Anders Lee.
3:53 of 1st period - Stopped by Jake Allen without a rebound.
3:54 of 1st period - Oskar Sundqvist wins face-off versus Taylor Hall in PHOENIX MUSTANGS zone.
4:10 of 1st period - Off-side.
4:11 of 1st period - Lars Eller wins face-off versus Taylor Hall in neutral zone.
5:05 of 1st period - Minor Penalty to Arber Xhekaj for Hooking.
5:06 of 1st period - Andreas Athanasiou wins face-off versus Casey Cizikas in OKANAGAN RATTLESNAKES zone.
5:13 of 1st period - Shot by Taylor Hall.
5:13 of 1st period - Shot Misses the Net.
5:15 of 1st period - Shot by Gavin Bayreuther.
5:15 of 1st period - Shot Misses the Net.
5:17 of 1st period - Shot by Ilya Lyubushkin.
5:17 of 1st period - Stopped by James Reimer with a rebound.
6:25 of 1st period - Icing by Gavin Bayreuther.
6:26 of 1st period - Anders Lee wins face-off versus Andreas Athanasiou in PHOENIX MUSTANGS zone.
6:29 of 1st period - Shot by Lars Eller.
6:29 of 1st period - Stopped by Jake Allen without a rebound.
6:30 of 1st period - Anders Lee wins face-off versus Chris Terry in PHOENIX MUSTANGS zone.
7:15 of 1st period - Shot by Pierre-Edouard Bellemare.
7:15 of 1st period - Stopped by Jake Allen with a rebound.
8:09 of 1st period - Shot by T.J. Oshie.
8:09 of 1st period - Stopped by Jake Allen without a rebound.
8:10 of 1st period - Casey Cizikas wins face-off versus Andreas Athanasiou in PHOENIX MUSTANGS zone.
8:11 of 1st period - Shot by Stefan Noesen.
8:11 of 1st period - Deflect By Kevin Labanc.
8:11 of 1st period - Stopped by Jake Allen without a rebound.
8:12 of 1st period - Lars Eller wins face-off versus Andreas Athanasiou in PHOENIX MUSTANGS zone.
8:18 of 1st period - Minor Penalty to Blake Coleman for Hooking.
8:19 of 1st period - Casey Cizikas wins face-off versus Andreas Athanasiou in OKANAGAN RATTLESNAKES zone.
8:19 of 1st period - Casey Cizikas is hit by Conor Sheary.
8:48 of 1st period - Conor Sheary is hit by Jeremy Lauzon and loses puck.
8:55 of 1st period - Shot by Taylor Hall.
8:55 of 1st period - Stopped by James Reimer without a rebound.
8:56 of 1st period - Chris Terry wins face-off versus Casey Cizikas in OKANAGAN RATTLESNAKES zone.
8:57 of 1st period - Shot by Conor Garland.
8:57 of 1st period - Stopped by James Reimer without a rebound.
8:58 of 1st period - Chris Terry wins face-off versus Casey Cizikas in OKANAGAN RATTLESNAKES zone.
9:23 of 1st period - Shot by Conor Garland.
9:23 of 1st period - Deflect By Chris Terry.
9:23 of 1st period - Stopped by James Reimer with a rebound.
9:25 of 1st period - Shot by Gavin Bayreuther.
9:25 of 1st period - Deflect By Conor Garland.
9:25 of 1st period - Stopped by James Reimer without a rebound.
9:26 of 1st period - Anders Lee wins face-off versus Andreas Athanasiou in OKANAGAN RATTLESNAKES zone.
9:32 of 1st period - Icing by Conor Sheary.
9:33 of 1st period - Andreas Athanasiou wins face-off versus Casey Cizikas in PHOENIX MUSTANGS zone.
10:26 of 1st period - Shot by Kevin Labanc.
10:26 of 1st period - Shot Misses the Net.
10:46 of 1st period - Shot by Kevin Labanc.
10:46 of 1st period - Stopped by Jake Allen without a rebound.
10:47 of 1st period - Mike Sgarbossa wins face-off versus Jujhar Khaira in PHOENIX MUSTANGS zone.
11:27 of 1st period - Anders Lee is hit by Xavier Ouellet and loses puck.
11:33 of 1st period - Jujhar Khaira is hit by Xavier Ouellet and loses puck.
11:48 of 1st period - Shot by Blake Coleman.
11:48 of 1st period - Goal by Blake Coleman - PHOENIX MUSTANGS : 0 - OKANAGAN RATTLESNAKES : 1.
11:49 of 1st period - Lars Eller wins face-off versus Andreas Athanasiou in neutral zone.
12:02 of 1st period - Taylor Hall is hit by Jeremy Lauzon and loses puck.
12:42 of 1st period - Minor Penalty to Jeremy Lauzon for Hooking.
12:43 of 1st period - Chris Terry wins face-off versus Casey Cizikas in OKANAGAN RATTLESNAKES zone.
13:36 of 1st period - John Klingberg is hit by Anders Lee and loses puck.
15:10 of 1st period - Off-side.
15:11 of 1st period - Laurent Dauphin wins face-off versus Lars Eller in neutral zone.
16:04 of 1st period - Shot by Kevin Labanc.
16:04 of 1st period - Shot Misses the Net.
16:07 of 1st period - Icing by T.J. Brodie.
16:08 of 1st period - Jujhar Khaira wins face-off versus Mike Sgarbossa in PHOENIX MUSTANGS zone.
16:13 of 1st period - Shot by T.J. Oshie.
16:13 of 1st period - Shot Hit the Post.
16:15 of 1st period - Shot by Jujhar Khaira.
16:15 of 1st period - Shot Misses the Net.
16:25 of 1st period - Shot by Anders Lee.
16:25 of 1st period - Stopped by Jake Allen without a rebound.
16:26 of 1st period - Jonathan Miller wins face-off versus Oskar Sundqvist in PHOENIX MUSTANGS zone.
16:26 of 1st period - Christian Fischer is hit by Pierre-Edouard Bellemare and loses puck.
16:35 of 1st period - Shot by Nazem Kadri.
16:35 of 1st period - Shot Misses the Net.
17:23 of 1st period - Shot by Anders Lee.
17:23 of 1st period - Stopped by Jake Allen with a rebound.
17:25 of 1st period - Shot by Anders Lee.
17:25 of 1st period - Stopped by Jake Allen with a rebound.
17:27 of 1st period - Shot by Jujhar Khaira.
17:27 of 1st period - Stopped by Jake Allen with a rebound.
17:29 of 1st period - Shot by Jeremy Lauzon.
17:29 of 1st period - Stopped by Jake Allen without a rebound.
17:30 of 1st period - Casey Cizikas wins face-off versus Andreas Athanasiou in PHOENIX MUSTANGS zone.
17:37 of 1st period - Shot by Stefan Noesen.
17:37 of 1st period - Deflect By Kevin Labanc.
17:37 of 1st period - Stopped by Jake Allen with a rebound.
17:53 of 1st period - Shot by Taylor Hall.
17:53 of 1st period - Shot Misses the Net.
18:51 of 1st period - Shot by Conor Garland.
18:51 of 1st period - Stopped by James Reimer with a rebound.
19:44 of 1st period - Shot by Mike Sgarbossa.
19:44 of 1st period - Shot Misses the Net.
Goals for this period are 0 for PHOENIX MUSTANGS vs 1 for OKANAGAN RATTLESNAKES.
Shots for this period are 7 for PHOENIX MUSTANGS vs 15 for OKANAGAN RATTLESNAKES.

2nd period


0:01 of 2nd period - Andreas Athanasiou wins face-off versus Jujhar Khaira in neutral zone.
0:56 of 2nd period - Icing by Jesper Fast.
0:57 of 2nd period - Casey Cizikas wins face-off versus Laurent Dauphin in PHOENIX MUSTANGS zone.
1:05 of 2nd period - Shot by Casey Cizikas.
1:05 of 2nd period - Shot Misses the Net.
1:07 of 2nd period - Shot by Kevin Labanc.
1:07 of 2nd period - Stopped by Jake Allen without a rebound.
1:08 of 2nd period - Lars Eller wins face-off versus Mike Sgarbossa in PHOENIX MUSTANGS zone.
1:51 of 2nd period - Icing by T.J. Brodie.
1:52 of 2nd period - Mike Sgarbossa wins face-off versus Casey Cizikas in PHOENIX MUSTANGS zone.
1:54 of 2nd period - Icing by Arthur Kaliyev.
1:55 of 2nd period - Mike Sgarbossa wins face-off versus T.J. Oshie in PHOENIX MUSTANGS zone.
1:55 of 2nd period - Mike Sgarbossa is hit by Jujhar Khaira.
2:01 of 2nd period - Shot by Arthur Kaliyev.
2:01 of 2nd period - Shot Blocked by Esa Lindell.
2:29 of 2nd period - Shot by T.J. Oshie.
2:29 of 2nd period - Deflect By Anders Lee.
2:29 of 2nd period - Shot Misses the Net.
3:01 of 2nd period - Ilya Lyubushkin is hit by Casey Cizikas and loses puck.
3:58 of 2nd period - Shot by Mike Hoffman.
3:58 of 2nd period - Stopped by Jake Allen without a rebound.
3:59 of 2nd period - Mike Sgarbossa wins face-off versus Oskar Sundqvist in PHOENIX MUSTANGS zone.
3:59 of 2nd period - Chris Terry is hit by Pierre-Edouard Bellemare and loses puck.
4:04 of 2nd period - Shot by Nazem Kadri.
4:04 of 2nd period - Shot Blocked by T.J. Brodie.
4:07 of 2nd period - Icing by T.J. Brodie.
4:08 of 2nd period - Chris Terry wins face-off versus Jujhar Khaira in PHOENIX MUSTANGS zone.
4:08 of 2nd period - Minor Penalty to Jujhar Khaira for Interference.
4:09 of 2nd period - Casey Cizikas wins face-off versus Andreas Athanasiou in OKANAGAN RATTLESNAKES zone.
4:25 of 2nd period - Taylor Hall is hit by Jeremy Lauzon and loses puck.
4:49 of 2nd period - Shot by Taylor Hall.
4:49 of 2nd period - Stopped by James Reimer without a rebound.
4:50 of 2nd period - Casey Cizikas wins face-off versus Chris Terry in OKANAGAN RATTLESNAKES zone.
5:01 of 2nd period - Shot by Jesper Fast.
5:01 of 2nd period - Shot Misses the Net.
6:17 of 2nd period - Icing by Jujhar Khaira.
6:18 of 2nd period - Jonathan Miller wins face-off versus Jujhar Khaira in OKANAGAN RATTLESNAKES zone.
8:37 of 2nd period - Shot by Stefan Noesen.
8:37 of 2nd period - Stopped by Jake Allen without a rebound.
8:38 of 2nd period - Mike Sgarbossa wins face-off versus Oskar Sundqvist in PHOENIX MUSTANGS zone.
8:55 of 2nd period - Shot by Nazem Kadri.
8:55 of 2nd period - Shot Misses the Net.
9:11 of 2nd period - Shot by Nazem Kadri.
9:11 of 2nd period - Shot Misses the Net.
9:41 of 2nd period - Icing by Ilya Lyubushkin.
9:42 of 2nd period - Jonathan Miller wins face-off versus Jujhar Khaira in PHOENIX MUSTANGS zone.
10:25 of 2nd period - Shot by Taylor Hall.
10:25 of 2nd period - Stopped by James Reimer with a rebound.
10:38 of 2nd period - Shot by Conor Sheary.
10:38 of 2nd period - Stopped by James Reimer without a rebound.
10:39 of 2nd period - Casey Cizikas wins face-off versus Laurent Dauphin in OKANAGAN RATTLESNAKES zone.
10:48 of 2nd period - Shot by Kevin Labanc.
10:48 of 2nd period - Shot Misses the Net.
11:50 of 2nd period - Shot by Blake Coleman.
11:50 of 2nd period - Shot Misses the Net.
12:23 of 2nd period - Conor Sheary is hit by Pierre-Edouard Bellemare and loses puck.
12:38 of 2nd period - Shot by Nazem Kadri.
12:38 of 2nd period - Stopped by Jake Allen without a rebound.
12:39 of 2nd period - Jujhar Khaira wins face-off versus Mike Sgarbossa in PHOENIX MUSTANGS zone.
12:51 of 2nd period - Minor Penalty to Ilya Lyubushkin for Roughing.
12:52 of 2nd period - Alex Barre-Boulet wins face-off versus Oskar Sundqvist in PHOENIX MUSTANGS zone.
13:04 of 2nd period - Shot by Colton Parayko.
13:04 of 2nd period - Shot Blocked by Gavin Bayreuther.
13:06 of 2nd period - Shot by Colton Parayko.
13:06 of 2nd period - Stopped by Jake Allen with a rebound.
13:17 of 2nd period - Anders Lee is hit by Xavier Ouellet and loses puck.
14:03 of 2nd period - Shot by Mike Hoffman.
14:03 of 2nd period - Stopped by Jake Allen without a rebound.
14:04 of 2nd period - Andreas Athanasiou wins face-off versus Lars Eller in PHOENIX MUSTANGS zone.
15:04 of 2nd period - Shot by T.J. Oshie.
15:04 of 2nd period - Shot Blocked by Jesper Fast.
16:21 of 2nd period - Shot by Stefan Noesen.
16:21 of 2nd period - Shot Misses the Net.
16:54 of 2nd period - Icing by Colton Parayko.
16:55 of 2nd period - Laurent Dauphin wins face-off versus Casey Cizikas in OKANAGAN RATTLESNAKES zone.
18:03 of 2nd period - Icing by Lars Eller.
18:04 of 2nd period - Lars Eller wins face-off versus Conor Sheary in OKANAGAN RATTLESNAKES zone.
18:35 of 2nd period - Shot by Anders Lee.
18:35 of 2nd period - Shot Misses the Net.
18:59 of 2nd period - Off-side.
19:00 of 2nd period - Oskar Sundqvist wins face-off versus Arthur Kaliyev in neutral zone.
19:10 of 2nd period - Oskar Sundqvist is hit by Ilya Lyubushkin and loses puck.
19:21 of 2nd period - Shot by Arthur Kaliyev.
19:21 of 2nd period - Shot Misses the Net.
19:38 of 2nd period - Icing by Ilya Lyubushkin.
19:39 of 2nd period - Arthur Kaliyev wins face-off versus Lars Eller in PHOENIX MUSTANGS zone.
19:57 of 2nd period - Off-side.
19:58 of 2nd period - Jujhar Khaira wins face-off versus Laurent Dauphin in neutral zone.
Goals for this period are 0 for PHOENIX MUSTANGS vs 0 for OKANAGAN RATTLESNAKES.
Shots for this period are 3 for PHOENIX MUSTANGS vs 6 for OKANAGAN RATTLESNAKES.

3rd period


0:01 of 3rd period - Jujhar Khaira wins face-off versus Andreas Athanasiou in neutral zone.
0:15 of 3rd period - Icing by John Klingberg.
0:16 of 3rd period - Lars Eller wins face-off versus Andreas Athanasiou in PHOENIX MUSTANGS zone.
0:49 of 3rd period - Shot by Taylor Hall.
0:49 of 3rd period - Shot Blocked by Jeremy Lauzon.
1:00 of 3rd period - Off-side.
1:01 of 3rd period - Laurent Dauphin wins face-off versus Jujhar Khaira in neutral zone.
1:05 of 3rd period - Jesper Fast is hit by Colton Parayko and loses puck.
1:12 of 3rd period - Shot by Conor Garland.
1:12 of 3rd period - Stopped by James Reimer without a rebound.
1:13 of 3rd period - Mike Sgarbossa wins face-off versus Casey Cizikas in OKANAGAN RATTLESNAKES zone.
1:43 of 3rd period - Shot by Kevin Labanc.
1:43 of 3rd period - Deflect By Casey Cizikas.
1:43 of 3rd period - Stopped by Jake Allen without a rebound.
1:44 of 3rd period - Jujhar Khaira wins face-off versus Taylor Hall in PHOENIX MUSTANGS zone.
1:49 of 3rd period - Shot by T.J. Oshie.
1:49 of 3rd period - Deflect By Anders Lee.
1:49 of 3rd period - Shot Misses the Net.
2:41 of 3rd period - Shot by Jesper Fast.
2:41 of 3rd period - Stopped by James Reimer without a rebound.
2:42 of 3rd period - Mike Sgarbossa wins face-off versus Lars Eller in OKANAGAN RATTLESNAKES zone.
3:51 of 3rd period - Minor Penalty to Jordie Benn for Hooking.
3:52 of 3rd period - Casey Cizikas wins face-off versus Andreas Athanasiou in OKANAGAN RATTLESNAKES zone.
5:15 of 3rd period - Shot by Jesper Fast.
5:15 of 3rd period - Shot Blocked by Esa Lindell.
5:31 of 3rd period - Icing by Taylor Hall.
5:32 of 3rd period - Casey Cizikas wins face-off versus Andreas Athanasiou in PHOENIX MUSTANGS zone.
6:00 of 3rd period - Alex Barre-Boulet is hit by Colton Parayko and loses puck.
6:27 of 3rd period - Shot by Alex Barre-Boulet.
6:27 of 3rd period - Stopped by James Reimer without a rebound.
6:28 of 3rd period - Lars Eller wins face-off versus Laurent Dauphin in OKANAGAN RATTLESNAKES zone.
6:28 of 3rd period - Blake Coleman is hit by Laurent Dauphin and loses puck.
6:37 of 3rd period - Shot by Mike Hoffman.
6:37 of 3rd period - Shot Blocked by Conor Garland.
7:27 of 3rd period - Shot by Nazem Kadri.
7:27 of 3rd period - Shot Misses the Net.
7:36 of 3rd period - Arthur Kaliyev is hit by Jeremy Lauzon and loses puck.
7:37 of 3rd period - Minor Penalty to Jeremy Lauzon for High sticking.
7:38 of 3rd period - Casey Cizikas wins face-off versus Andreas Athanasiou in OKANAGAN RATTLESNAKES zone.
7:47 of 3rd period - Shot by John Klingberg.
7:47 of 3rd period - Shot Blocked by Oskar Sundqvist.
7:49 of 3rd period - Shot by Conor Sheary.
7:49 of 3rd period - Stopped by James Reimer with a rebound.
7:51 of 3rd period - Shot by John Klingberg.
7:51 of 3rd period - Stopped by James Reimer without a rebound.
7:52 of 3rd period - Chris Terry wins face-off versus Casey Cizikas in OKANAGAN RATTLESNAKES zone.
10:03 of 3rd period - Shot by Christian Fischer.
10:03 of 3rd period - Stopped by James Reimer without a rebound.
10:04 of 3rd period - Casey Cizikas wins face-off versus Mike Sgarbossa in OKANAGAN RATTLESNAKES zone.
10:04 of 3rd period - Casey Cizikas is hit by Arthur Kaliyev.
10:09 of 3rd period - Minor Penalty to Mike Sgarbossa for Tripping.
10:10 of 3rd period - Lars Eller wins face-off versus Taylor Hall in PHOENIX MUSTANGS zone.
10:35 of 3rd period - Shot by Blake Coleman.
10:35 of 3rd period - Stopped by Jake Allen without a rebound.
10:36 of 3rd period - Andreas Athanasiou wins face-off versus Oskar Sundqvist in PHOENIX MUSTANGS zone.
10:58 of 3rd period - Shot by Oskar Sundqvist.
10:58 of 3rd period - Shot Blocked by John Klingberg.
11:14 of 3rd period - Xavier Ouellet is hit by Anders Lee and loses puck.
11:31 of 3rd period - Shot by Andreas Athanasiou.
11:31 of 3rd period - Deflect By Jesper Fast.
11:31 of 3rd period - Stopped by James Reimer without a rebound.
11:32 of 3rd period - Lars Eller wins face-off versus Jesper Fast in OKANAGAN RATTLESNAKES zone.
12:12 of 3rd period - Icing by T.J. Brodie.
12:13 of 3rd period - Jonathan Miller wins face-off versus T.J. Oshie in PHOENIX MUSTANGS zone.
12:13 of 3rd period - Jonathan Miller is hit by Jujhar Khaira.
12:36 of 3rd period - Jonathan Miller is hit by Jeremy Lauzon and loses puck.
12:51 of 3rd period - Shot by T.J. Oshie.
12:51 of 3rd period - Stopped by Jake Allen without a rebound.
12:52 of 3rd period - Casey Cizikas wins face-off versus Andreas Athanasiou in PHOENIX MUSTANGS zone.
13:20 of 3rd period - Kevin Labanc is hit by Gavin Bayreuther and loses puck.
13:33 of 3rd period - Shot by Stefan Noesen.
13:33 of 3rd period - Shot Blocked by Ilya Lyubushkin.
13:45 of 3rd period - Shot by Lars Eller.
13:45 of 3rd period - Stopped by Jake Allen without a rebound.
13:46 of 3rd period - Jujhar Khaira wins face-off versus Laurent Dauphin in PHOENIX MUSTANGS zone.
14:02 of 3rd period - Shot by T.J. Oshie.
14:02 of 3rd period - Shot Blocked by Jesper Fast.
14:54 of 3rd period - Shot by Mike Sgarbossa.
14:54 of 3rd period - Shot Blocked by Blake Coleman.
15:18 of 3rd period - Shot by Mike Hoffman.
15:18 of 3rd period - Goal by Mike Hoffman - PHOENIX MUSTANGS : 0 - OKANAGAN RATTLESNAKES : 2.
15:19 of 3rd period - Andreas Athanasiou wins face-off versus Kevin Labanc in neutral zone.
16:35 of 3rd period - Shot by Blake Coleman.
16:35 of 3rd period - Stopped by Jake Allen without a rebound.
16:36 of 3rd period - Laurent Dauphin wins face-off versus Jujhar Khaira in PHOENIX MUSTANGS zone.
17:06 of 3rd period - Shot by Anders Lee.
17:06 of 3rd period - Stopped by Jake Allen without a rebound.
17:07 of 3rd period - Lars Eller wins face-off versus Chris Terry in PHOENIX MUSTANGS zone.
17:07 of 3rd period - Lars Eller is hit by Xavier Ouellet.
17:13 of 3rd period - Shot by Mike Hoffman.
17:13 of 3rd period - Stopped by Jake Allen without a rebound.
17:14 of 3rd period - Lars Eller wins face-off versus Mike Sgarbossa in PHOENIX MUSTANGS zone.
17:27 of 3rd period - Blake Coleman is hit by Mike Sgarbossa and loses puck.
17:42 of 3rd period - Icing by Lars Eller.
17:43 of 3rd period - Laurent Dauphin wins face-off versus Mike Hoffman in OKANAGAN RATTLESNAKES zone.
17:47 of 3rd period - Icing by Esa Lindell.
17:48 of 3rd period - Andreas Athanasiou wins face-off versus Lars Eller in OKANAGAN RATTLESNAKES zone.
17:52 of 3rd period - Icing by Colton Parayko.
17:53 of 3rd period - Laurent Dauphin wins face-off versus Lars Eller in OKANAGAN RATTLESNAKES zone.
17:54 of 3rd period - Shot by Conor Garland.
17:54 of 3rd period - Deflect By Jesper Fast.
17:54 of 3rd period - Shot Misses the Net.
18:05 of 3rd period - Off-side.
18:06 of 3rd period - Andreas Athanasiou wins face-off versus Casey Cizikas in neutral zone.
18:38 of 3rd period - Andreas Athanasiou is hit by Jeremy Lauzon and loses puck.
19:17 of 3rd period - Shot by Jesper Fast.
19:17 of 3rd period - Stopped by James Reimer with a rebound.
19:19 of 3rd period - Shot by Jesper Fast.
19:19 of 3rd period - Stopped by James Reimer with a rebound.
19:23 of 3rd period - Shot by Conor Garland.
19:23 of 3rd period - Shot Misses the Net.
19:25 of 3rd period - Shot by Matt Irwin.
19:25 of 3rd period - Stopped by James Reimer with a rebound.
19:32 of 3rd period - Icing by Jeremy Lauzon.
19:33 of 3rd period - Kevin Labanc wins face-off versus Mike Sgarbossa in OKANAGAN RATTLESNAKES zone.
19:52 of 3rd period - Shot by Mike Sgarbossa.
19:52 of 3rd period - Shot Blocked by Casey Cizikas.
19:54 of 3rd period - Shot by Xavier Ouellet.
19:54 of 3rd period - Shot Blocked by Jeremy Lauzon.
Goals for this period are 0 for PHOENIX MUSTANGS vs 1 for OKANAGAN RATTLESNAKES.
Shots for this period are 10 for PHOENIX MUSTANGS vs 8 for OKANAGAN RATTLESNAKES.


BLAKE
WHEELER
STEVEN
STAMKOS
DREW
DOUGHTY

EAST COAST

HOCKEY LEAGUE

  • 63.RHI2PIT5
  • 64.WOR4ATL3
  • 65.QUECHW
  • 66.CHATRV